Map: Year Zero LE

Players

Ziggy

  • Race: Terran Terran
  • Spawn Location: 11:00

Gerald - Winner!

  • Race: Protoss Protoss
  • Spawn Location: 1:00

Event: 2019 WCS Spring

VOD

Have the link to the VOD?

Description

Time

  • Played on: May 17, 2019, 3:18 p.m.
  • Length: 13:04

All games in this series

Show
View Real Time Build Order
Export as new Build Order

Ziggy Terran 

Build Orders: Gas First Reaper Expand, Mech 

Get SALT Encoding   

  12  0:00  SCV  
  13  0:12  SCV  
  14  0:17  Supply Depot  
  14  0:24  SCV  
  15  0:30  Refinery  
  15  0:39  SCV  
  16  0:47  Barracks  
  16  0:52  SCV  
  17  1:04  SCV  
  18  1:16  SCV, Engineering Bay  
  19  1:35  Reaper, Orbital Command  
  20  1:58  Command Center  
  20  2:07  Factory  
  20  2:10  Barracks Reactor  
  20  2:12  SCV  
  21  2:16  Refinery  
  21  2:24  SCV  
  21  2:27  Supply Depot  
  22  2:36  SCV  
  23  2:48  SCV, Marine x2  
  23  2:51  Widow Mine  
  28  2:56  Starport  
  28  3:01  SCV  
  29  3:06  Marine x2  
  31  3:13  SCV  
  31  3:14  Factory Tech Lab  
  32  3:24  Marine x2  
  34  3:27  Orbital Command  
  34  3:28  SCV  
  35  3:36  Siege Tank  
  35  3:40  SCV  
  39  3:42  Medivac  
  41  3:52  Refinery  
  43  3:57  Supply Depot  
  43  3:59  SCV  
  43  4:01  SCV  
  45  4:08  Siege Tank  
  45  4:09  Supply Depot  
  45  4:20  SCV x2  
  44  4:25  Marine x2  
  44  4:32  SCV x2  
  44  4:35  Engineering Bay  
  46  4:45  SCV x2  
  48  4:47  Engineering Bay  
  48  4:57  SCV x2  
  50  5:02  Marine x2  
  48  5:10  SCV  
  48  5:11  SCV  
  47  5:15  Command Center  
  47  5:16  Siege Tank  
  50  5:21  Missile Turret  
  50  5:23  SCV x2  
  52  5:29  Missile Turret  
  52  5:34  Marine  
  52  5:35  SCV x2, Marine  
  53  5:39  Starport Tech Lab  
  56  5:47  SCV  
  56  5:48  SCV, Cyclone  
  61  5:50  Mag-Field Accelerator  
  61  5:55  Supply Depot  
  61  5:57  Supply Depot  
  61  6:02  SCV  
  62  6:06  SCV  
  62  6:16  Raven, Factory  
  62  6:17  SCV  
  62  6:18  SCV, Factory  
  66  6:20  Supply Depot  
  66  6:27  Orbital Command  
  66  6:29  SCV  
  66  6:30  SCV  
  68  6:34  Cyclone, Refinery  
  68  6:39  Armory  
  71  6:41  SCV  
  71  6:42  SCV  
  71  6:45  Armory  
  73  6:53  SCV  
  74  6:54  SCV  
  74  6:55  SCV  
  76  7:03  Hellion x2  
  76  7:06  Cyclone  
  83  7:08  SCV  
  83  7:09  SCV x2  
  83  7:11  Cyclone  
  89  7:17  Factory  
  89  7:19  Factory  
  89  7:21  Missile Turret  
  89  7:23  SCV x2  
  89  7:26  Hellion  
  89  7:27  Hellion  
  89  7:29  Terran Vehicle Weapons Level 1  
  95  7:38  Terran Vehicle And Ship Armor Level 1, Supply Depot x2  
  95  7:41  Orbital Command  
  95  7:46  Cyclone  
  95  7:47  SCV x2  
  100  7:59  SCV, Cyclone  
  100  8:00  Hellion x2  
  100  8:04  SCV  
  102  8:07  SCV  
  102  8:09  Factory Tech Lab x2  
  102  8:11  SCV  
  104  8:16  SCV  
  104  8:18  Cyclone  
  104  8:19  Refinery  
  108  8:20  SCV, Refinery  
  109  8:28  SCV x2  
  109  8:29  Cyclone  
  109  8:30  Cyclone  
  117  8:34  Supply Depot  
  117  8:35  Supply Depot  
  117  8:37  Supply Depot  
  117  8:38  Supply Depot  
  117  8:39  SCV  
  117  8:56  Hellion x2, Cyclone  
  117  8:57  Cyclone  
  117  9:00  Infernal Pre-Igniter  
  117  9:02  Cyclone  
  130  9:03  SCV x3  
  130  9:06  Supply Depot  
  130  9:07  Supply Depot  
  133  9:10  Cyclone  
  133  9:15  SCV x2  
  138  9:17  SCV  
  138  9:20  Hellion x2  
  138  9:21  Supply Depot  
  143  9:27  SCV, Factory  
  143  9:28  Cyclone  
  143  9:29  Factory  
  140  9:43  Cyclone  
  140  9:44  Cyclone x2  
  129  9:48  Hellion x2  
  119  9:55  Terran Vehicle Weapons Level 2  
  119  10:02  Command Center  
  119  10:04  Cyclone  
  122  10:13  Factory Tech Lab  
  122  10:16  Cyclone x2  
  122  10:18  Hellion x2, Factory Tech Lab  
  123  10:37  Cyclone x2  
  123  10:38  Cyclone  
  123  10:40  Hellion x2  
  123  10:41  Cyclone  
  134  10:51  Cyclone  
  134  10:55  Missile Turret, Command Center  
  137  10:59  Missile Turret  
  137  11:00  SCV x3  
  140  11:11  Cyclone  
  143  11:12  SCV  
  144  11:21  Cyclone x3  
  148  11:27  Cyclone  
  148  11:32  Hellion x2  
  137  11:44  Cyclone x2  
  126  11:54  Cyclone  
  126  11:57  Hellion x2  
  128  12:05  Cyclone  
  128  12:08  Hellion x2  
  126  12:23  Cyclone  
  126  12:27  Cyclone x2  
  119  12:36  Refinery x2  
  119  12:42  Hellion x2  
Show
View Real Time Build Order
Export as new Build Order

Gerald Protoss - Winner!

Build Orders: Oracle Opening, Blink Stalkers 

Get SALT Encoding   

  12  0:00  Probe  
  13  0:12  Probe  
  14  0:18  Pylon  
  14  0:23  Probe  
  15  0:32  Probe  
  15  0:38  Gateway  
  15  0:41  Probe  
  16  0:47  Assimilator  
  17  0:53  Probe  
  18  1:05  Probe  
  19  1:17  Probe  
  20  1:18  Zealot  
  20  1:26  Pylon  
  20  1:29  Cybernetics Core  
  20  1:32  Assimilator  
  22  1:35  Probe  
  22  1:47  Probe  
  23  1:56  Adept  
  23  2:00  Nexus  
  25  2:10  Probe  
  26  2:22  Probe  
  27  2:27  Pylon  
  27  2:30  Adept  
  29  2:41  Stargate  
  29  2:42  Probe  
  30  2:47  Warp Gate  
  30  2:54  Probe  
  33  3:06  Probe, Adept  
  34  3:16  Oracle  
  34  3:18  Probe  
  34  3:19  Probe  
  39  3:30  Probe  
  39  3:31  Probe  
  39  3:42  Probe  
  39  3:43  Twilight Council, Probe  
  39  3:44  Pylon  
  41  3:54  Probe, Blink  
  42  3:57  Probe, Gateway  
  42  3:58  Gateway  
  43  4:07  Probe  
  43  4:09  Probe  
  45  4:19  Probe  
  45  4:21  Probe  
  47  4:29  Shield Battery  
  47  4:31  Probe  
  48  4:32  Assimilator  
  48  4:34  Pylon  
  48  4:37  Stalker, Robotics Facility  
  50  4:40  Probe  
  50  4:43  Assimilator, Probe  
  52  4:48  Shield Battery  
  53  4:59  Stalker x2  
  58  5:01  Stalker  
  53  5:10  Probe  
  53  5:11  Probe  
  55  5:17  Observer  
  55  5:20  Forge  
  55  5:23  Stalker, Probe x2  
  55  5:26  Stalker  
  62  5:28  Stalker  
  62  5:35  Probe x2  
  66  5:42  Robotics Bay  
  66  5:47  Probe x2  
  68  5:55  Protoss Ground Weapons Level 1  
  68  5:58  Nexus, Pylon  
  68  6:04  Probe  
  69  6:10  Charge  
  69  6:15  Probe  
  74  6:19  Probe  
  74  6:25  Disruptor  
  75  6:27  Gateway  
  75  6:28  Probe  
  75  6:29  Gateway  
  75  6:30  Observer  
  75  6:31  Probe  
  77  6:38  Observer  
  77  6:39  Robotics Facility  
  76  6:40  Probe  
  77  6:47  Probe  
  77  6:49  Pylon  
  77  6:51  Observer  
  77  6:53  Pylon  
  78  6:58  Gateway  
  78  6:59  Disruptor  
  78  7:01  Gateway  
  78  7:03  Gateway  
  78  7:07  Observer, Probe  
  82  7:13  Probe  
  83  7:17  Probe  
  83  7:19  Probe, Disruptor  
  83  7:21  Assimilator  
  85  7:23  Assimilator  
  85  7:24  Pylon  
  85  7:25  Probe  
  85  7:27  Disruptor  
  85  7:29  Zealot  
  88  7:31  Observer  
  94  7:40  Zealot  
  94  7:41  Zealot x3  
  94  7:43  Probe  
  103  7:55  Disruptor  
  105  7:59  Probe  
  102  8:06  Probe  
  102  8:08  Probe  
  102  8:09  Protoss Ground Weapons Level 2  
  102  8:12  Zealot x3  
  106  8:17  Pylon  
  110  8:20  Nexus  
  110  8:21  Probe  
  110  8:22  Pylon  
  110  8:24  Templar Archives  
  111  8:29  Pylon  
  111  8:30  Photon Cannon  
  111  8:31  Stalker  
  113  8:37  Probe  
  112  8:44  Zealot x5  
  118  8:52  Probe  
  118  8:53  Probe  
  118  8:55  Photon Cannon, Shield Battery  
  118  9:00  Immortal  
  122  9:04  Probe  
  122  9:06  Probe  
  122  9:07  Probe  
  122  9:09  High Templar x3  
  131  9:10  High Templar x3  
  131  9:11  High Templar  
  131  9:12  High Templar  
  131  9:13  Archon  
  141  9:17  Pylon  
  141  9:22  Pylon  
  141  9:27  Stargate  
  141  9:32  Probe  
  133  9:49  Immortal  
  133  9:51  Pylon  
  137  9:53  Probe  
  137  9:54  Probe x2  
  137  9:55  Assimilator  
  137  9:57  Probe  
  137  9:59  Assimilator, Fleet Beacon  
  141  10:05  Immortal, Probe  
  141  10:06  Zealot x5  
  156  10:09  High Templar x2  
  159  10:30  Immortal  
  159  10:35  Tempest  
  163  10:37  Tempest  
  163  10:40  High Templar  
  163  10:42  Zealot x5  
  179  10:56  Pylon  
  179  10:59  Pylon  
  179  11:04  Pylon x2  
  179  11:15  Zealot  
  179  11:16  Zealot, Stalker x3  
  170  11:33  Psionic Storm  
  170  11:34  Probe  
  163  11:41  Probe  
  160  11:51  Tempest x2  
  156  11:58  Stalker x3, Disruptor  
  156  11:59  Stalker x5  
  175  12:03  Probe  
  176  12:09  Probe  
  177  12:17  Pylon  
  177  12:19  Nexus  
  163  12:33  Probe, Pylon  
  163  12:34  Assimilator  
  163  12:35  Probe  
  174  12:37  Assimilator  
  174  12:39  Archon x3  
  163  12:52  Zealot x8  
Tags
 
Add a new tag
Caveats
  • Supply blocks, unpowered buildings, or Contaminate may cause inaccurate times.
  • Supply counts are checked every 10 seconds.